 Dungeon Crawl Stone Soup version 0.28-b1-25-g9875b3fc8c (webtiles) character file.

Game seed: 16146913563315303101

130 zeram the Sneak (level 5, -9/31 HPs)
             Began as an Octopode Enchanter on Feb 2, 2022.
             Killed from afar by a gnoll (40 damage)
             ... with a bolt of acid
             ... on level 3 of the Dungeon.
             The game lasted 00:03:47 (2211 turns).

zeram the Sneak (Octopode Enchanter)                Turns: 2211, Time: 00:03:48

Health: -9/31      AC:  1    Str:  7    XL:     5   Next: 13%
Magic:  15/17      EV: 17    Int: 19    God:
Gold:   48         SH:  0    Dex: 13    Spells: 3/8 levels left

rFire   . . .      SeeInvis .   a - +1 dagger
rCold   . . .      Faith    .   (no shield)
rNeg    . . .      Spirit   .   (helmet restricted)
rPois   .          Reflect  .   (no amulet)
rElec   .          Harm     .   d - +4 ring of evasion
rCorr   .          Rampage  .   e - ring of magical power
Will    .....                   (no ring)
Stlth   ++++......              (no ring)
HPRegen 0.10/turn               (no ring)
MPRegen 0.15/turn               (no ring)
                                (no ring)
                                (no ring)

@: no status effects
A: almost no armour, amphibious, 8 rings, camouflage 1, gelatinous body 1,
(nimble swimmer 1), tentacles
a: no special abilities


You were on level 3 of the Dungeon.
You visited 1 branch of the dungeon, and saw 3 of its levels.

You collected 48 gold pieces.

Inventory:

Hand Weapons
 a - a +1 dagger (weapon)
Jewellery
 d - a +4 ring of evasion (left tentacle)
 e - a ring of magical power (right tentacle)
Wands
 i - a wand of flame (16)
 j - a wand of mindburst (3)
Scrolls
 c - a scroll of fog {unknown}
 f - 3 scrolls of silence
 g - a scroll of identify {unknown}
 h - 2 scrolls of teleportation
 k - a scroll of holy word {unknown}
Potions
 b - a potion of curing {unknown}


   Skills:
 + Level 1.6 Short Blades
 + Level 2.3 Dodging
 + Level 6.1 Stealth
 + Level 2.4 Spellcasting
 + Level 3.6 Hexes
 + Level 1.0 Ice Magic


You had 3 spell levels left.
You knew the following spells:

 Your Spells              Type           Power      Damage    Failure   Level
a - Ensorcelled Hibernat  Hex/Ice        22%        N/A       10%         2
b - Tukima's Dance        Hex            15%        N/A       11%         3

Your spell library contained the following spells:

 Spells                   Type           Power      Damage    Failure   Level
 Confusing Touch          Hex            15%        N/A       11%         3
 Dazzling Flash           Conj/Hex       18%        N/A       24%         3


Dungeon Overview and Level Annotations

Branches:
Dungeon (3/15)

Altars:
The Shining One

Shops:
D:1 (


Innate Abilities, Weirdness & Mutations

You cannot wear most types of armour.
You are amphibious.
You can wear up to eight rings at the same time.
Your skin changes colour to match your surroundings (Stealth+).
Your rubbery body absorbs attacks. (AC +1, EV +1)
((You are camouflaged when in or above water. (Stealth+)))
You have tentacles for arms and can constrict up to eight enemies at once.


Message History

You squeeze the crimson imp.
You kill the crimson imp!
Your Stealth skill increases to level 6!
Your Ice Magic skill increases to level 1!
You have reached level 5!
You feel agile.
You start resting.
HP restored.
A gnoll is nearby!
A gnoll is nearby!
A gnoll is nearby!
A gnoll is nearby!
A gnoll is nearby!
No target in view!
No target in view!
No target in view!
b - a green potion A gnoll is nearby!
A gnoll is nearby!
A gnoll is nearby!
No target in view!
No target in view!
No target in view!
Found a stone staircase leading down.
The gnoll shouts!
You hear a shout!
A worm comes into view.
The gnoll closely misses you.
Casting: Ensorcelled Hibernation (safe; 10% risk of failure)
Confirm with . or Enter, or press ? or * to list all spells.
Aiming: Ensorcelled Hibernation (safe; 10% risk of failure)
Press: ? - help, Shift-Dir - straight line, f - gnoll
Aim: a gnoll, wielding a +0 halberd (chance to affect: 53%)
The gnoll looks drowsy...
The gnoll shouts!
The helpless gnoll fails to defend itself.
You impale the gnoll!!
You kill the gnoll!
The gnoll zaps a wand.
The bolt of acid hits you!!!
Ouch! That really hurt!
You die...

#### ....#
#############!...#
###................#
#..................#
#.............#...>
#..#..#.####@.# .
#..##.#+.###)w#
#..#.รท.....#....
#...#......#......
#...+.._..+..g#....#
#...#.....#.g.######
#..)##......#..#
#>.. ###.#.#...#
.... .#.#..


You could see a worm and 2 gnolls.

Vanquished Creatures
  A crimson imp (D:3)
  2 gnolls (D:3)
  2 adders (D:2)
  2 worms (D:2)
  2 dart slugs
  An orc (D:3)
  7 ball pythons
  3 endoplasms
  3 giant cockroaches
  4 goblins
  4 hobgoblins
  4 jackals (D:1)
  4 kobolds
  A quokka (D:2)
  3 bats
  3 frilled lizards
  2 goblin skeletons (D:3)
  5 hobgoblin zombies (D:3)
  A kobold zombie (D:3)
  5 rats
59 creatures vanquished.

Notes
Turn   | Place    | Note
-------+----------+-------------------------------------------
     0 | D:1      | zeram the Octopode Enchanter began the quest for the Orb.
     0 | D:1      | Reached XP level 1. HP: 11/11 MP: 3/3
    10 | D:1      | Noticed an ogre
    44 | D:1      | Found Besymnil's Weapon Emporium.
    46 | D:1      | Reached XP level 2. HP: 17/17 MP: 5/5
   138 | D:1      | Found a faded altar of an unknown god.
   287 | D:1      | Learned a level 2 spell: Ensorcelled Hibernation
   474 | D:1      | Reached skill level 5 in Stealth
   553 | D:2      | Reached XP level 3. HP: 21/21 MP: 6/6
   760 | D:2      | Learned a level 3 spell: Tukima's Dance
   901 | D:2      | Reached XP level 4. HP: 9/27 MP: 2/7
  1960 | D:3      | Found a glowing golden altar of the Shining One.
  1995 | D:3      | Reached skill level 6 in Stealth
  1995 | D:3      | Reached skill level 1 in Ice Magic
  1995 | D:3      | Reached XP level 5. HP: 10/31 MP: 8/8
  2211 | D:3      | Killed from afar by a gnoll

Illustrated notes

Levels and vault maps discovered:
D:1:      evilmike_arrival_come_back, layout_rooms, serial_shops, shop,
          basic_ecumenical_altar, minmay_tromino_i2
D:2:      layout_rooms, kennysheep_doodads
D:3:      layout_rooms, nicolae_tso_besieged_by_evil, zin_academy,
          minmay_misc_feat_diagonals, minmay_misc_feat_rows,
          minmay_fractal_squares_5

Skill      XL: |  1  2  3  4 |
---------------+-------------+-----
Stealth        | 5 6 |  6.1
Ice Magic      | 1 |  1.0
Short Blades   | |  1.6
Dodging        | |  2.3
Spellcasting   | |  2.4
Hexes          | |  3.6

Action                   |  1- 3 |  4- 6 || total
-------------------------+-------+-------++-------
Melee: Dagger            |    60 |    58 ||   118
       Tentacles         |    10 |    12 ||    22
       Constrict         |     9 |    14 ||    23
       Punch             |     1 |       ||     1
 Cast: Ensorcelled Hiber |    16 |    13 ||    29
  Use: Scroll            |       |     2 ||     2
       Potion            |       |     1 ||     1
 Stab: Sleeping          |    19 |    13 ||    32
       Invisible         |       |     1 ||     1
Armor: Skin              |     5 |     1 ||     6
Dodge: Dodged            |    51 |    45 ||    96
